 Dungeon Crawl Stone Soup version 0.18.1-50-g88ac8fd (webtiles) character file.

86926 Firecrotchwizard the Bludgeoner (level 15, -9/145 HPs)
             Began as a Minotaur Fighter on Oct 26, 2016.
             Was a Believer of the Shining One.
             Shot with an arrow by a deep elf archer (20 damage)
             ... created by the fury of Okawaru
             ... on level 15 of the Dungeon on Oct 27, 2016.
             The game lasted 01:46:50 (25800 turns).

Firecrotchwizard the Bludgeoner (Minotaur Fighter) Turns: 25800, Time: 01:46:51

Health: -9/145     AC: 26    Str: 31    XL:     15   Next: 42%
Magic:  0/20       EV:  8    Int:  8    God:    the Shining One [**....]
Gold:   902        SH: 15    Dex: 17    Spells: 0 memorised, 14 levels left

rFire  + + .     SeeInvis .     U - +10 morningstar "Tuzyawab" {freeze, rN+}
rCold  + + .     Gourm    .     C - +2 plate armour {MR+}
rNeg   + + .     Faith    .     W - +1 shield {AC+3}
rPois  +         Spirit   +     (helmet restricted)
rElec  +         Dismiss  .     (no cloak)
rCorr  .         Reflect  .     k - +1 pair of gloves {Str+3}
SustAt .         Harm     .     Y - +1 pair of boots {run}
MR     ++...     Clarity  +     B - amulet of guardian spirit
Stlth  ..........               V - ring "Muschaaff" {*Contam *Drain rElec rPois rC+++}
                                v - ring of the Queen {rF+ rC- Str+4 Int+3}

@: glowing, drained, quick, very resistant to hostile enchantments, extremely
unstealthy
A: retaliatory headbutt, hooves 1, horns 2, agile 2, clarity, fire resistance 1
a: Divine Shield, Renounce Religion


You were on level 15 of the Dungeon.
You worshipped the Shining One.
The Shining One was pleased with you.
You were not hungry.

You visited 4 branches of the dungeon, and saw 25 of its levels.
You also visited: Ossuary.

You collected 2047 gold pieces.
You spent 1145 gold pieces at shops.

Inventory:

Hand Weapons
 a - a +4 dire flail of crushing
 m - the +6 great sword of the Warrior {drain, rPois rC++ Dex-3, unknown}
   (Okawaru gifted it to you on level 1 of the Orcish Mines)

   A truly terrible weapon, it drains the life of those it strikes.
   It affects your dexterity (-3).
   It greatly protects you from cold.
   It protects you from poison.
   The Shining One disapproves of the use of such an item.
 U - the +10 morningstar "Tuzyawab" (weapon) {freeze, rN+}
   (Okawaru gifted it to you on level 3 of the Lair of Beasts)

   It has been specially enchanted to freeze those struck by it, causing extra
   injury to most foes and up to half again as much damage against particularly
   susceptible opponents.
   It can also slow down cold-blooded creatures.
   It protects you from negative energy.
Missiles
 n - 4 silver javelins (quivered)
Armour
 b - a +3 plate armour
 k - a +1 pair of gloves of strength (worn)
 C - a +2 plate armour of magic resistance (worn)
 L - a +2 plate armour
 W - a +1 shield of protection (worn)
 Y - a +1 pair of boots of running (worn)
Jewellery
 v - the ring of the Queen (left hand) {rF+ rC- Str+4 Int+3}
   (You found it on level 10 of the Dungeon)

   [ring of protection from fire]

   It affects your strength (+4).
   It affects your intelligence (+3).
   It protects you from fire.
   It makes you vulnerable to cold.
 B - an amulet of guardian spirit (around neck)
 O - the ring "Perihe" {+Inv MR+ MP+9}
   (You found it on level 14 of the Dungeon)

   [ring of magical power]

   It affects your resistance to hostile enchantments.
   It affects your magic capacity (+9).
   It lets you turn invisible.
 V - the ring "Muschaaff" (right hand) {*Contam *Drain rElec rPois rC+++}
   (You bought it in a shop on level 2 of the Orcish Mines)

   [ring of poison resistance]

   It renders you almost immune to cold.
   It insulates you from electricity.
   It protects you from poison.
   It causes magical contamination when unequipped.
   It causes draining when unequipped.
 Z - an uncursed ring of ice
Wands
 g - a wand of paralysis (13/24)
 r - a wand of polymorph (11/24)
 s - a wand of disintegration (7/24)
 A - a wand of confusion (25/48)
 J - a wand of polymorph (13/24)
 M - a wand of acid (5/15)
Scrolls
 c - 4 scrolls of enchant weapon
 e - 9 scrolls of remove curse
 h - 3 scrolls of fear
 i - 15 scrolls of identify
 o - 3 scrolls of magic mapping
 x - 7 scrolls of recharging
 y - 4 scrolls of blinking
 z - a scroll of amnesia
 G - 7 scrolls of teleportation
 K - a scroll of holy word
 S - 2 scrolls of brand weapon
 T - 4 scrolls of fog
Potions
 d - 4 potions of might
 l - 4 potions of lignification
 p - 4 potions of brilliance {unknown}
 q - 2 potions of degeneration {unknown}
 t - a potion of magic {unknown}
 u - a potion of flight {unknown}
 D - a potion of experience {unknown}
 E - a potion of invisibility {unknown}
 F - 6 potions of heal wounds {unknown}
 H - 3 potions of ambrosia {unknown}
 I - a potion of haste
 N - 2 potions of agility {unknown}
 P - 9 potions of curing
 Q - 3 potions of cancellation {unknown}
 R - a potion of resistance {unknown}
Books
 w - a book of Transfigurations

   Spells                             Type                      Level
   a - Irradiate                      Conjuration/Transmutation    5
   b - Statue Form                    Transmutation/Earth          6
   c - Hydra Form                     Transmutation                6
   d - Dragon Form                    Transmutation                7
Miscellaneous
 X - a phantom mirror
Comestibles
 f - 10 bread rations
 j - 3 meat rations


   Skills:
 * Level 16.6(16.3) Fighting
 + Level 18.1(17.9) Maces & Flails
 + Level 13.6(13.3) Armour
 - Level 0.9(0.7) Dodging
 - Level 0.8(0.6) Stealth
 + Level 12.7(12.5) Shields
 * Level 8.2(8.0) Evocations


You had 14 spell levels left.
You didn't know any spells.

Dungeon Overview and Level Annotations

Branches:
Dungeon (15/15)            Temple (1/1) D:5            Lair (7/8) D:8
 Shoals (0/4) Lair:4       Spider (0/4) Lair:6          Orc (2/2) D:10
    Elf (0/3) Orc:2        Vaults (0/5) D:14         Depths (0/5) D:15
  Slime: Lair:6-8

Altars:
Ashenzari
Cheibriados
Dithmenos
Elyvilon
Fedhas
Gozag
Kikubaaqudgha
Makhleb
Nemelex Xobeh
Okawaru
Pakellas
Qazlal
Ru
Sif Muna
Trog
Vehumet
Xom
Yredelemnul
Zin
The Shining One
Beogh

Shops:
D:8 ?   Orc:2 [=*(

Portals:
Trove: D:12 (give 2 scrolls of acquirement)


Innate Abilities, Weirdness & Mutations

You reflexively headbutt those who attack you in melee.
You have a pair of horns on your head.
You have large cloven feet.
You are very agile. (Dex +4)
You possess an exceptional clarity of mind.
Your flesh is heat resistant.


Message History

* * * LOW HITPOINT WARNING * * *
The arrow disappears in a puff of smoke!
You stick the deep elf mage like a pincushion!!!
You freeze the deep elf mage.
You kill the deep elf mage!
That felt strangely unrewarding.
The ynoxinul disappears in a puff of smoke!
The ufetubus disappears in a puff of smoke! x3
The deep elf archer shoots an arrow.
You block the arrow.
The arrow disappears in a puff of smoke!
You block the deep elf mage's attack.
You bludgeon the deep elf mage!! You freeze the deep elf mage.
The deep elf mage is almost dead.
You bludgeon the deep elf mage!! You freeze the deep elf mage.
You kill the deep elf mage!
That felt strangely unrewarding.
The deep elf archer shoots an arrow.
You block the arrow.
The arrow disappears in a puff of smoke!
The deep elf archer shoots an arrow.
The arrow hits you!!
You die...

.(......'.....#
........#.....#
.####...#.....# .#
#...#.....+
.########.....#
.#..#.≈...≈...#
.#......#.....#
.####.####.#.e#########
### #...#..#....@.....#
..# #.≈.#.≈#........§.#
..###...†..#..........#
..##>####)##......§.§.#
###### #..#....####....
..#######..#....# ..[.
..#.....####....+ ...
#+#.....##'#....# ..
).#.....#<.#....#


You could see a deep elf archer.

Vanquished Creatures
  Rupert (Lair:5)
  Kirke (D:14)
  A sphinx (D:14)
  A storm dragon (D:14)
  2 orc warlords (Orc:2)
  3 frost giants
  An emperor scorpion (D:15)
  A deep elf annihilator (D:15)
  A dire elephant (D:15)
  An ettin (D:14)
  A merfolk javelineer (D:14)
  Erolcha (D:13)
  Josephine (Lair:6)
  8 hydras
  3 centaur warriors
  Erica (Orc:1)
  A death knight (D:13)
  3 tengu warriors
  An orc high priest (Orc:2)
  4 death yaks (Lair:5)
  A deep elf knight (D:14)
  A skeletal warrior (D:14)
  7 hill giants
  2 unseen horrors
  A phantasmal warrior (D:14)
  A lindwurm (Lair:7)
  8 ugly things
  An orb spider (Lair:6)
  3 orc knights (Orc:2)
  3 orc sorcerers (Orc:2)
  A salamander (D:15)
  3 deep elf magi (D:15)
  4 cyclopes
  A guardian serpent (shapeshifter) (D:14)
  3 elephants (Lair:7)
  A black mamba (Lair:2)
  11 spiny frogs
  A gargoyle (D:13)
  A kobold demonologist (D:13)
  7 komodo dragons
  4 rime drakes
  A tengu conjurer (D:14)
  4 merfolk (D:14)
  4 trolls
  31 blink frogs
  8 slime creatures
  A snapping turtle (Lair:4)
  A spriggan (D:8)
  3 wyverns
  A vampire (D:12)
  5 wraiths
  A hill giant zombie (D:10)
  A basilisk (Lair:3)
  A water elemental (D:12)
  A fire elemental (Lair:6)
  42 yaks
  6 hogs (D:14)
  4 vampire mosquitoes
  A steam dragon (D:11)
  13 hippogriffs
  4 hungry ghosts
  3 wargs (Orc:2)
  2 hell hounds (D:8)
  13 water moccasins
  5 porcupines
  5 black bears
  4 phantoms
  A wasp (D:12)
  5 ice beasts
  An eye of draining (D:13)
  29 orc warriors
  A necrophage (D:12)
  9 ogres
  2 sky beasts
  12 wolves
  A tengu (shapeshifter) (D:14)
  8 centaurs
  A boggart (D:14)
  12 crocodiles
  2 big kobolds
  28 giant frogs
  A gnoll sergeant (D:8)
  5 scorpions
  3 troll zombies (D:10)
  15 killer bees
  10 wights
  A vampire bat (D:8)
  7 electric eels
  6 crimson imps
  7 bog bodies (Ossuary)
  A giant frog zombie (Ossuary)
  6 centaur zombies
  3 centaur skeletons
  17 orc priests
  6 hounds
  6 jellies
  7 iguanas
  26 orc wizards
  7 worker ants
  9 sheep (Lair:5)
  2 killer bee zombies
  4 ogre zombies (D:10)
  2 hound zombies
  A hound skeleton (D:4)
  4 mummies
  Robin (D:2)
  3 worker ant zombies
  9 gnolls
  9 adders
  64 river rats
  3 shadow imps
  4 adder zombies
  2 adder skeletons
  A dart slug (D:1)
  5 giant geckos
  63 orcs
  9 bats
  2 bat skeletons (D:8)
  4 bat zombies (D:8)
  13 giant cockroaches
  16 goblins
  10 hobgoblins
  7 jackals
  8 quokkas
  A giant cockroach zombie (Ossuary)
  A giant gecko skeleton (D:6)
  A giant gecko zombie (Ossuary)
  2 giant newts
  2 goblin skeletons (D:10)
  3 goblin zombies (D:10)
  A hobgoblin skeleton (D:10)
  A hobgoblin zombie (D:10)
  15 kobolds
  5 orc skeletons (D:10)
  13 orc zombies (D:10)
  2 quokka skeletons
  13 rats
  A fungus (D:8)
829 creatures vanquished.

Vanquished Creatures (others)
  A giant frog (D:14)
  A killer bee (D:12)
  An orc wizard (D:9)
  12 fungi
  4 plants
  A withered plant (Ossuary)
20 creatures vanquished.

Grand Total: 849 creatures vanquished

Notes
Turn   | Place    | Note
--------------------------------------------------------------
     0 | D:1      | Firecrotchwizard the Minotaur Fighter began the quest for the Orb.
     0 | D:1      | Reached XP level 1. HP: 19/19 MP: 0/0
    52 | D:1      | Reached XP level 2. HP: 9/27 MP: 1/1
   766 | D:2      | Reached XP level 3. HP: 33/33 MP: 2/2
   875 | D:2      | Noticed Robin
   890 | D:2      | Reached skill level 3 in Maces & Flails
   892 | D:2      | Killed Robin
  1259 | D:2      | Reached XP level 4. HP: 41/41 MP: 3/3
  1339 | D:2      | Found a shattered altar of Ashenzari.
  1908 | D:3      | Found a faded altar to an unknown god.
  2345 | D:3      | Reached skill level 5 in Armour
  2732 | D:4      | Reached skill level 4 in Maces & Flails
  2732 | D:4      | Reached XP level 5. HP: 36/47 MP: 4/4
  2980 | D:4      | Got a shimmering scale mail
  2991 | D:4      | Identified the +0 scale mail of Omyfesip {rN+ Int+4} (You found it on level 4 of the Dungeon)
  3382 | D:4      | Found a sacrificial altar of Ru.
  3452 | D:4      | Found an oddly glowing altar of Pakellas.
  3709 | D:4      | You fall through a shaft for 2 floors!
  3725 | D:6      | Reached skill level 5 in Fighting
  3725 | D:6      | Reached XP level 6. HP: 29/56 MP: 5/5
  4074 | D:6      | Reached skill level 5 in Maces & Flails
  4116 | D:5      | Entered Level 5 of the Dungeon
  4298 | D:5      | Reached XP level 7. HP: 49/62 MP: 4/6
  4351 | D:5      | Found a glowing golden altar of the Shining One.
  4379 | D:5      | Found a shadowy altar of Dithmenos.
  4419 | D:5      | Found a staircase to the Ecumenical Temple.
  4427 | Temple   | Entered the Ecumenical Temple
  4541 | D:5      | Reached skill level 6 in Maces & Flails
  4686 | D:5      | Found a basalt altar of Yredelemnul.
  4686 | D:5      | Found an iron altar of Okawaru.
  4728 | D:5      | Became a worshipper of Warmaster Okawaru
  5059 | D:5      | Reached skill level 7 in Maces & Flails
  5059 | D:5      | Reached XP level 8. HP: 65/71 MP: 7/7
  5364 | D:6      | Found a deep blue altar of Sif Muna.
  5459 | D:6      | Reached * piety under Okawaru
  5630 | D:7      | Reached skill level 8 in Maces & Flails
  5831 | D:7      | Found a sand-covered staircase.
  5843 | Ossuary  | Entered an ossuary
  6135 | Ossuary  | Reached skill level 9 in Maces & Flails
  6193 | Ossuary  | Reached XP level 9. HP: 65/81 MP: 8/8
  6497 | D:7      | Reached ** piety under Okawaru
  6998 | D:8      | Reached skill level 10 in Maces & Flails
  7071 | D:8      | Found a staircase to the Lair.
  7384 | D:8      | Reached *** piety under Okawaru
  7474 | D:8      | Reached skill level 11 in Maces & Flails
  7514 | D:8      | Found a blossoming altar of Fedhas.
  7565 | D:8      | Found a bloodstained altar of Trog.
  7570 | D:8      | Found Eryrr's Magic Scroll Shoppe.
  7578 | D:8      | Bought a scroll of enchant weapon for 112 gold pieces
  7578 | D:8      | Bought a scroll of blinking for 112 gold pieces
  7578 | D:8      | Bought a scroll of enchant armour for 112 gold pieces
  7740 | D:8      | Reached XP level 10. HP: 92/92 MP: 9/9
  7759 | D:8      | Found a shimmering altar of Xom.
  7941 | D:8      | Found an ancient bone altar of Kikubaaqudgha.
  7980 | D:8      | Found an opulent altar of Gozag.
  8354 | D:9      | Reached skill level 10 in Fighting
  8509 | D:9      | Reached skill level 10 in Armour
  8739 | D:9      | Reached **** piety under Okawaru
  9054 | D:9      | Reached skill level 5 in Shields
  9272 | D:9      | Found a snail-covered altar of Cheibriados.
  9345 | Lair:1   | Entered Level 1 of the Lair of Beasts
  9591 | Lair:1   | Reached skill level 12 in Maces & Flails
  9952 | Lair:1   | Noticed a spiny frog
  9958 | Lair:1   | Killed a spiny frog
 10067 | Lair:1   | Noticed a spiny frog
 10069 | Lair:1   | Noticed a spiny frog
 10096 | Lair:1   | Killed a spiny frog
 10096 | Lair:1   | Reached ***** piety under Okawaru
 10099 | Lair:1   | Killed a spiny frog
 10103 | Lair:1   | Reached XP level 11. HP: 35/101 MP: 2/10
 10114 | Lair:1   | Received a gift from Okawaru
 11281 | Lair:2   | Reached skill level 1 in Evocations
 11416 | Lair:2   | Received a gift from Okawaru
 11442 | Lair:2   | Identified a +0 pair of boots of running (Okawaru gifted it to you on level 2 of the Lair of Beasts)
 11495 | Lair:2   | Found a sacrificial altar of Ru.
 11605 | Lair:2   | Reached skill level 13 in Maces & Flails
 11706 | Lair:2   | Noticed a six-headed hydra
 11720 | Lair:2   | Killed a six-headed hydra
 12095 | Lair:2   | Gained mutation: You possess an exceptional clarity of mind. [potion of mutation]
 12095 | Lair:2   | Gained mutation: Your flesh is heat resistant. [potion of mutation]
 12095 | Lair:2   | Gained mutation: You are agile. (Dex +2) [potion of mutation]
 13325 | Lair:3   | Reached XP level 12. HP: 112/112 MP: 13/13
 13575 | Lair:3   | Received a gift from Okawaru
 13577 | Lair:3   | Got a steaming morningstar {god gift}
 13578 | Lair:3   | Identified the +10 morningstar "Tuzyawab" {freeze, rN+} (Okawaru gifted it to you on level 3 of the Lair of Beasts)
 14161 | Lair:4   | Reached skill level 14 in Maces & Flails
 14209 | Lair:4   | Gained mutation: You are very agile. (Dex +4) [potion of beneficial mutation]
 14950 | Lair:4   | Found a staircase to the Shoals.
 14988 | Lair:5   | Noticed Rupert
 15109 | Lair:5   | Killed Rupert
 15109 | Lair:5   | Reached skill level 10 in Shields
 15278 | Lair:5   | Noticed a six-headed hydra
 15283 | Lair:5   | Killed a six-headed hydra
 15283 | Lair:5   | Reached ****** piety under Okawaru
 15283 | Lair:5   | Received a gift from Okawaru
 15292 | Lair:5   | Reached skill level 15 in Maces & Flails
 15405 | Lair:5   | Gained mutation: You have large cloven feet. [potion of beneficial mutation]
 15446 | Lair:5   | Noticed a death yak
 15448 | Lair:5   | Noticed a death yak
 15450 | Lair:5   | Noticed a death yak
 15473 | Lair:5   | Killed a death yak
 15474 | Lair:5   | Noticed a death yak
 15487 | Lair:5   | Killed a death yak
 15487 | Lair:5   | Reached XP level 13. HP: 119/122 MP: 15/15
 15728 | Lair:5   | Reached skill level 5 in Evocations
 16495 | Lair:6   | Found a hole to the Spider Nest.
 16868 | Lair:6   | Noticed Josephine
 16869 | Lair:6   | Reached skill level 16 in Maces & Flails
 16876 | Lair:6   | Killed Josephine
 17030 | Lair:7   | Received a gift from Okawaru
 18477 | D:10     | Entered Level 10 of the Dungeon
 18618 | D:10     | Got a pitted tin ring
 18619 | D:10     | Identified the ring of the Queen {rF+ rC- Str+4 Int+3} (You found it on level 10 of the Dungeon)
 18811 | D:10     | Received a gift from Okawaru
 18856 | D:10     | Found a staircase to the Orcish Mines.
 18914 | Orc:1    | Entered Level 1 of the Orcish Mines
 18969 | Orc:1    | Received a gift from Okawaru
 18973 | Orc:1    | Got a polished great sword {god gift}
 19100 | Orc:1    | Found a roughly hewn altar of Beogh.
 19158 | Orc:1    | Noticed Erica
 19164 | Orc:1    | Killed Erica
 19164 | Orc:1    | Reached XP level 14. HP: 103/133 MP: 17/17
 19423 | Orc:2    | Entered Level 2 of the Orcish Mines
 19467 | Orc:2    | Noticed an orc warlord
 19481 | Orc:2    | Killed an orc warlord
 19508 | Orc:2    | Found a staircase to the Elven Halls.
 19573 | Orc:2    | Paralysed by an orc sorcerer for 2 turns
 19993 | Orc:2    | Noticed an orc warlord
 19995 | Orc:2    | Reached skill level 15 in Fighting
 19999 | Orc:2    | Found a roughly hewn altar of Beogh.
 20009 | Orc:2    | Killed an orc warlord
 20009 | Orc:2    | Received a gift from Okawaru
 20009 | Orc:2    | Reached skill level 17 in Maces & Flails
 20016 | Orc:2    | Found Plog's General Store.
 20020 | Orc:2    | Found Vemiebbur's Antique Armour Emporium.
 20026 | Orc:2    | Found Nuohun's Antique Weapon Emporium.
 20084 | Orc:2    | Found Nung's Jewellery Emporium.
 20219 | Orc:2    | Bought the ring "Muschaaff" {*Contam *Drain rElec rPois rC+++} for 809 gold pieces
 21929 | D:12     | Found a portal to a secret trove of treasure.
 22851 | D:13     | Noticed Erolcha
 22855 | D:13     | Killed Erolcha
 23794 | D:5      | Fell from the grace of Okawaru
 23794 | D:5      | Became a worshipper of the Shining One
 24074 | D:14     | Found a gate to the Vaults.
 24305 | D:14     | Reached * piety under the Shining One
 24342 | D:14     | Noticed a sphinx
 24357 | D:14     | Noticed a storm dragon
 24358 | D:14     | Killed a sphinx
 24358 | D:14     | Reached XP level 15. HP: 90/144 MP: 11/19
 24384 | D:14     | Killed a storm dragon
 24712 | D:14     | Got a scorched bronze ring
 24713 | D:14     | Identified the ring "Perihe" {+Inv MR+ MP+9} (You found it on level 14 of the Dungeon)
 24846 | D:14     | Noticed a frost giant
 24846 | D:14     | Noticed a frost giant
 24853 | D:14     | Killed a frost giant
 24859 | D:14     | Killed a frost giant
 25364 | D:14     | Reached skill level 18 in Maces & Flails
 25367 | D:14     | Noticed Kirke
 25378 | D:14     | Killed Kirke
 25441 | D:14     | Reached ** piety under the Shining One
 25595 | D:15     | Entered Level 15 of the Dungeon
 25720 | D:15     | Found a staircase to the Depths.
 25774 | D:15     | Noticed a frost giant
 25783 | D:15     | Killed a frost giant
 25800 | D:15     | Shot with an arrow by a deep elf archer

Skill      XL: |  1  2  3  4  5  6  7  8  9 10 11 12 13 14 15 |
---------------+----------------------------------------------+-----
Armour         | 4 5 6 7 8 9 10 11 12 13 | 13.6
Fighting       | 4 5 6 8 9 10 11 13 14 16 | 16.6
Maces & Flails | 3 4 5 7 9 11 12 13 15 16 17 18 | 18.1
Shields        | 4 6 9 10 11 12 | 12.7
Evocations     | 3 4 6 7 8 |  8.2
Dodging        | |  0.9
Stealth        | |  0.8

Action                   |  1- 3 |  4- 6 |  7- 9 | 10-12 | 13-15 || total
-------------------------+-------+-------+-------+-------+-------++-------
Melee: Flail             |   112 |   186 |   462 |   659 |       ||  1419
       Headbutt          |    18 |    28 |   112 |   235 |   276 ||   669
       Morningstar       |       |       |       |   178 |   965 ||  1143
Throw: Tomahawk          |       |       |       |     1 |     1 ||     2
Invok: Heroism           |       |       |     1 |     4 |     3 ||     8
  Use: Scroll            |       |     3 |     9 |     9 |    12 ||    33
       Potion            |       |       |     2 |     8 |     1 ||    11
  Eat: Chunk             |     1 |     4 |       |     3 |       ||     8
       Meat ration       |       |     2 |     2 |       |     6 ||    10
       Bread ration      |       |       |       |     3 |       ||     3
       Beef jerky        |       |       |       |     2 |     1 ||     3
       Fruit             |       |       |       |     8 |       ||     8
       Pizza             |       |       |       |     1 |       ||     1
       Royal jelly       |       |       |       |       |     1 ||     1
Armor: Scale mail        |    72 |    39 |       |       |       ||   111
       Chain mail        |       |    40 |    40 |       |       ||    80
       Plate armour      |       |       |   168 |   353 |   389 ||   910
Dodge: Dodged            |    55 |    36 |    42 |   108 |   196 ||   437
Block: Shield            |    59 |    60 |       |   174 |   608 ||   901
       Large shield      |       |    46 |   348 |   464 |       ||   858
